Map: Catallena LE (Void)

Players

Pain

  • Race: Protoss Protoss
  • Spawn Location: 9:00

A.I. 1 (Medium) - Winner!

  • Race: Terran Terran
  • Spawn Location: 12:00

VOD

Have the link to the VOD?

Description

Time

  • Played on: Sept. 8, 2017, 8:42 p.m.
  • Length: 6:30
Show
View Real Time Build Order
Export as new Build Order

Pain Protoss 

Build Orders:  

Get SALT Encoding   

  12  0:36  Pylon  
  12  0:39  Probe (Chrono Boost)  
  14  0:50  Probe (Chrono Boost)  
  14  0:52  Pylon  
  14  1:00  Probe (Chrono Boost)  
  15  1:27  Gateway, Probe (Chrono Boost)  
  16  1:38  Probe (Chrono Boost)  
  17  1:47  Pylon  
  17  1:48  Probe (Chrono Boost)  
  17  1:51  Gateway  
  18  1:59  Probe (Chrono Boost)  
  19  2:14  Assimilator  
  19  2:31  Forge  
  18  3:33  Pylon  
  18  3:45  Cybernetics Core  
  19  4:03  Probe (Chrono Boost)  
  19  4:08  Nexus  
  19  4:13  Probe (Chrono Boost)  
  20  4:24  Probe (Chrono Boost)  
  21  4:34  Probe (Chrono Boost)  
  22  4:47  Stalker  
  24  5:10  Photon Cannon  
  24  5:17  Pylon, Stalker  
  24  5:21  Stalker  
  28  5:29  Assimilator  
  28  5:35  Assimilator  
  28  5:41  Pylon  
  28  5:47  Stalker  
  30  5:51  Stalker  
Show
View Real Time Build Order
Export as new Build Order

A.I. 1 (Medium) Terran - Winner!

Build Orders:  

Get SALT Encoding   

  12  0:00  SCV  
  13  0:13  SCV  
  14  0:19  Supply Depot  
  14  0:25  SCV  
  15  0:40  SCV  
  16  0:43  Barracks  
  16  0:51  Refinery  
  16  0:53  SCV  
  17  1:05  SCV  
  18  1:18  Supply Depot  
  18  1:30  Marine  
  19  1:35  Barracks, Orbital Command  
  19  1:44  Refinery  
  19  1:48  Barracks Tech Lab  
  19  2:06  Marine  
  20  2:12  Supply Depot  
  20  2:24  Marine  
  20  2:28  Marine  
  22  2:33  SCV  
  23  2:42  Marauder  
  25  2:45  SCV  
  25  2:46  Marine  
  25  2:50  Supply Depot  
  27  2:56  Engineering Bay  
  27  2:57  SCV  
  28  3:04  Marauder  
  30  3:07  Marine  
  30  3:09  SCV  
  32  3:21  SCV  
  32  3:25  Marauder  
  35  3:33  SCV  
  36  5:12  Barracks Tech Lab, SCV, Reaper  
  38  5:15  Factory  
  38  5:18  Factory, Command Center  
  38  5:20  Missile Turret  
  38  5:21  Missile Turret  
  38  5:26  Sensor Tower  
  38  5:28  Barracks  
  38  5:29  Marine, Supply Depot  
  39  5:41  Bunker  
  39  5:44  Marine  
  39  5:48  Marauder  
  42  6:01  Starport  
  42  6:03  Armory, Factory Tech Lab x2  
  43  6:10  Marine  
  43  6:16  Barracks Reactor  
Tags
 
Matchup
PvT
Replay Pack
RP
Spawn Locations
Close Positions
Add a new tag
Caveats
  • Supply blocks, unpowered buildings, or Contaminate may cause inaccurate times.
  • Supply counts are checked every 10 seconds.